 Dungeon Crawl Stone Soup version 0.20-a0-427-g8b12978 (webtiles) character file.

478 Kriby the Skirmisher (level 6, -2/56 HPs)
             Began as a Mummy Fighter on Jan 1, 2017.
             Killed by divine providence
             ... invoked by an orc priest
              (13 damage)
             ... on level 3 of the Dungeon.
             The game lasted 00:02:31 (2747 turns).

Kriby the Skirmisher (Mummy Fighter)                Turns: 2747, Time: 00:02:32

Health: -2/56      AC:  6    Str: 20    XL:     6   Next: 86%
Magic:  6/6        EV:  7    Int:  7    God:
Gold:   178        SH:  9    Dex: 13    Spells: 5/5 levels left

rFire  x . .     SeeInvis .     a - +0 war axe
rCold  + . .     Gourm    .     b - +0 scale mail
rNeg   + + +     Faith    .     c - +0 shield
rPois  ∞         Spirit   .     (no helmet)
rElec  .         Reflect  .     (no cloak)
rCorr  .         Harm     .     (no gloves)
MR     .....                    (no boots)
Stlth  ..........               (no amulet)
                                (no ring)
                                (no ring)

@: no status effects
A: no food or potions, fire vulnerability, cold resistance 1, negative energy
resistance 3, torment resistance, unbreathing
a: no special abilities


You were on level 3 of the Dungeon.
You were not hungry.

You visited 1 branch of the dungeon, and saw 3 of its levels.

You collected 178 gold pieces.

Inventory:

Hand Weapons
 a - a +0 war axe (weapon)
Armour
 b - a +0 scale mail (worn)
 c - a +0 shield (worn)
Jewellery
 j - an uncursed amulet of magic regeneration {unknown}
 k - an uncursed amulet of rage {unknown}
Scrolls
 d - 7 scrolls of identify {unknown}
 e - 3 scrolls of immolation {unknown}
 f - 2 scrolls of enchant armour {unknown}
 g - a scroll of magic mapping {unknown}
 h - 2 scrolls of enchant weapon {unknown}
 i - a scroll of fear {unknown}
 l - a scroll of teleportation {unknown}
 m - a scroll of amnesia {unknown}
 n - a scroll of recharging {unknown}


   Skills:
 + Level 7.9 Fighting
 - Level 1.5 Axes
 - Level 2.4 Armour
 - Level 2.4 Shields


You had 5 spell levels left.
You didn't know any spells.

Dungeon Overview and Level Annotations

Branches:
Dungeon (3/15)

Altars:
Ru


Innate Abilities, Weirdness & Mutations

You do not eat or drink.
Your flesh is vulnerable to fire.
You are immune to poison.
Your flesh is cold resistant. (rC+)
You are immune to negative energy. (rN+++)
You are immune to unholy pain and torment.
You can survive without breathing.


Message History

The orc priest calls down the wrath of Beogh upon you.
Beogh smites you!
You are too injured to fight recklessly!
You are too injured to fight recklessly!
You are too injured to fight recklessly!
You closely miss the orc priest.
The orc priest is moderately wounded.
You barely miss the orc priest.
The orc priest mumbles some strange prayers to Beogh against you.
Beogh smites you!
The orc priest hits you but does no damage.
Your shield prevents you from hitting the orc priest.
The orc priest is moderately wounded.
You hit the orc priest. The orc priest hits you with a flail.
* * * LOW HITPOINT WARNING * * *
The orc priest hits you with a falchion.
* * * LOW HITPOINT WARNING * * *
The orc priest mumbles some strange prayers to Beogh against you.
Beogh smites you!
You die...

.###..)# .# #...#
#.# .###...# #.#
.......# # #.#
.###.#.# #. #.# #
.###.#.######.##.#.#
...............#.#.#
####.#..........oo.#
.............#
#@#########
####.........#
#....)...(#
..†#....######
#########.#
#.#)....# #.#
..#........ #.#
###........ #.#
......... #.#
#........ #.#
......... #.#


You could see 2 orc priests.

Vanquished Creatures
  Grinder (D:2)
  Sigmund (D:3)
  Jessica (D:3)
  4 adders (D:2)
  A gnoll (D:3)
  2 worms (D:2)
  4 dart slugs
  A leopard gecko (D:2)
  2 orcs (D:3)
  7 bats
  2 giant cockroaches (D:3)
  6 goblins
  7 hobgoblins
  6 frilled lizards
  11 kobolds
  5 rats
61 creatures vanquished.

Notes
Turn   | Place    | Note
-------+----------+-------------------------------------------
     0 | D:1      | Kriby the Mummy Fighter began the quest for the Orb.
     0 | D:1      | Reached XP level 1. HP: 18/18 MP: 1/1
   200 | D:1      | Reached XP level 2. HP: 24/24 MP: 2/2
   662 | D:2      | Reached skill level 4 in Fighting
   875 | D:2      | Reached XP level 3. HP: 17/31 MP: 3/3
  1201 | D:2      | Reached skill level 5 in Fighting
  1201 | D:2      | Reached XP level 4. HP: 36/39 MP: 4/4
  1461 | D:3      | Noticed Grinder
  1466 | D:3      | Paralysed by Grinder for 3 turns
  1483 | D:2      | Killed Grinder
  1483 | D:2      | Reached skill level 6 in Fighting
  1483 | D:2      | Reached XP level 5. HP: 15/47 MP: 5/5
  1483 | D:2      | Reached XP level 6. HP: 17/53 MP: 6/6
  1733 | D:3      | Noticed Sigmund
  1749 | D:3      | HP: 1/53 [Sigmund/puff of flame (12)]
  1752 | D:3      | Killed Sigmund
  1752 | D:3      | Reached skill level 7 in Fighting
  2646 | D:3      | Found a sacrificial altar of Ru.
  2663 | D:3      | Noticed Jessica
  2691 | D:3      | Killed Jessica
  2747 | D:3      | Killed from afar by an orc priest

Vault maps used:
D:1:      eino_arrival_tree_alley
D:2:      minmay_tromino_i4
D:3:      lemuel_crystal_altar, first_bread, uniq_jessica, uniq_grinder,
          uniq_sigmund

Skill      XL: |  1  2  3  4  5  6 |
---------------+-------------------+-----
Fighting       | 4 5 6 7 |  7.9
Axes           | |  1.5
Armour         | |  2.4
Shields        | |  2.4

Action                   |  1- 3 |  4- 6 || total
-------------------------+-------+-------++-------
Melee: War axe           |   118 |    86 ||   204
Armor: Scale mail        |    54 |    25 ||    79
Dodge: Dodged            |    44 |    29 ||    73
Block: Shield            |    71 |    33 ||   104
